 Dungeon Crawl Stone Soup version 0.28-a0-1236-gb25a51b929 (webtiles) character file.

Game seed: 17452708988882735467

7 enile the Skirmisher (level 1, -2/18 HPs)
             Began as a Mummy Cinder Acolyte on Dec 26, 2021.
             Was a High Priest of Ignis.
             Slain by a kobold (3 damage)
             ... on level 1 of the Dungeon on Dec 29, 2021.
             The game lasted 00:00:59 (406 turns).

enile the Skirmisher (Mummy Cinder Acolyte)          Turns: 406, Time: 00:01:00

Health: -2/18      AC:  9    Str: 17    XL:     1   Next: 91%
Magic:  2/2        EV: 11    Int: 13    God:    Ignis [*****.]
Gold:   13         SH:  0    Dex:  7    Spells: 2/2 levels left

rFire   . . .      SeeInvis .   a - -1 mace (flame)
rCold   + . .      Faith    .   (no shield)
rNeg    + + +      Spirit   .   b - +0 robe
rPois   ∞          Reflect  .   (no helmet)
rElec   .          Harm     .   (no cloak)
rCorr   .          Rampage  .   (no gloves)
Will    .....                   (no boots)
Stlth   +.........              (no amulet)
HPRegen 0.06/turn               (no ring)
MPRegen 0.08/turn               (no ring)

@: fiery-armoured
A: cold resistance 1, negative energy resistance 3, torment resistance 2, heat
vulnerability 1, no potions
a: Renounce Religion, Fiery Armour, Foxfire Swarm, Rising Flame


You were on level 1 of the Dungeon.
You worshipped Ignis.
Ignis was extremely pleased with you.
You visited 1 branch of the dungeon, and saw 1 of its levels.

You collected 13 gold pieces.

Inventory:

Hand Weapons
 a - a -1 mace of flaming (weapon)
Armour
 b - a +0 robe (worn)


   Skills:
 + Level 3.5 Fighting
 - Level 2.4 Maces & Flails
 - Level 1.3 Spellcasting
 - Level 2.4 Fire Magic


You had 2 spell levels left.
You didn't know any spells.
Your spell library contained the following spells:

 Spells                   Type           Power      Damage    Failure   Level
 Scorch                   Fire           14%        2d5       16%         2


Dungeon Overview and Level Annotations

Branches:
Dungeon (1/15)

Altars:


Innate Abilities, Weirdness & Mutations

You are immune to poison.
Your flesh is cold resistant. (rC+)
You are immune to negative energy. (rN+++)
You are immune to unholy pain and torment.
You are vulnerable to heat. (rF-)
You do not drink.


Message History

You barely miss the quokka. The kobold closely misses you.
The quokka bites you. The dart slug launches a dart at you.
The slug dart hits you.
The rat twitches its whiskers.
The kobold hits you with a +0 short sword.
* * * LOW HITPOINT WARNING * * *
The quokka closely misses you. The dart slug launches a dart at you.
The slug dart misses you. The quokka bites you.
* * * LOW HITPOINT WARNING * * *
Unknown command.
Unknown command.
Unknown command.
Unknown command.
A protective cloak of flame settles atop you.
The quokka bites you but does no damage.
The quokka is burned by your cloak of flames.
The quokka is heavily wounded.
Welcome back, enile the Mummy Cinder Acolyte.
The flames of Ignis gently warm you.
Press ? for a list of commands and other information.
You miss the quokka.
The quokka is heavily wounded.
The quokka barely misses you.
You closely miss the quokka.
The quokka is heavily wounded.
The quokka completely misses you. The quokka closely misses you.
You completely miss the quokka.
The quokka is heavily wounded.
The quokka closely misses you. The quokka barely misses you.
You closely miss the quokka.
The quokka is heavily wounded.
The quokka bites you but does no damage.
The quokka is burned by your cloak of flames.
You kill the quokka!
The kobold throws a stone.
The stone hits you but does no damage.
The kobold hits you with a +0 short sword.
You die...

.........!... ......($.....
#.###..########............
#).........................
...........................
...........................
...........................
#............ #rw........#
#....######## #K##...#####
#.......# #@####.....
#.#####.### #.# #.##.# #.#
#....### #.# .# #.#
##.♣♣...####.#####.# #.#
#.♣♣♣♣♣.....!......#
#.###.♣ ♣.####.#####.#
#.....♣ ♣.####.### ####..♣
♣......... #..♣ ♣♣..#######


You could see a dart slug, a kobold and a rat.

Vanquished Creatures
  An endoplasm (D:1)
  A giant cockroach (D:1)
  A goblin (D:1)
  A quokka (D:1)
  2 bats (D:1)
6 creatures vanquished.

Notes
Turn   | Place    | Note
-------+----------+-------------------------------------------
     0 | D:1      | enile the Mummy Cinder Acolyte began the quest for the Orb.
     0 | D:1      | Reached XP level 1. HP: 18/18 MP: 2/2
   406 | D:1      | Slain by a kobold

Illustrated notes

Levels and vault maps discovered:
D:1:      dpeg_arrival_three_same_balls, layout_basic,
          ebering_ecumenical_altar_rust, solitary_fountain, minmay_hedge_maze,
          nrook_campfire, minmay_nonomino_d4

Action                   || total
-------------------------++-------
Melee: Mace              ||    19
Invok: Fiery Armour      ||     1
Armor: Robe              ||     5
Dodge: Dodged            ||    13

Table legend: (Time is in decaauts)
 A = Elapsed time spent in this place.
 B = Non-inter-level travel time spent in this place.
 C = Inter-level travel time spent in this place.
 D = Time resting spent in this place.
 E = Time spent auto-exploring this place.
 F = Levels seen in this place.
 G = Mean time per level.
                   A        B        C        D        E       F      G
               +--------+--------+--------+--------+--------+-----+--------+
         Total |    411 |    411 |      0 |      0 |    357 |   1 |  411.0 |
       Dungeon |    411 |    411 |      0 |      0 |    357 |   1 |  411.0 |
               +--------+--------+--------+--------+--------+-----+--------+

Top non-repeatable levels by time:
     D:1: 411 daAuts
